 Dungeon Sprint DCSS version 0.19.1 (webtiles) character file.

5966 equalderp2856 the Eviscerator (level 10, -2/49 HPs)
             Began as a Felid Fighter on Nov 29, 2016.
             Was an Initiate of Gozag.
             Slain by Agnes
             ... wielding a +0 lajatang of electrocution
              (15 damage)
             ... in the Dungeon (Sprint IX: "|||||||||||||||||||||||||||||").
             The game lasted 00:10:30 (6666 turns).

equalderp2856 the Eviscerator (Felid Fighter)       Turns: 6666, Time: 00:10:31

Health: -2/49      AC:  7    Str: 14    XL:     10   Next: 55%
Magic:  12/12      EV: 32    Int: 10    God:    Gozag
Gold:   8842       SH:  0    Dex: 18    Spells: 0 memorised, 9 levels left
                                        Lives:  0   Deaths: 2

rFire  . . .     SeeInvis +       - Unarmed
rCold  + . .     Gourm    .     (armour unavailable)
rNeg   . . .     Faith    .     (shield unavailable)
rPois  .         Spirit   .     (helmet unavailable)
rElec  .         Reflect  .     (cloak unavailable)
rCorr  .         Harm     .     (gloves unavailable)
MR     +....     NoTele   +     (boots unavailable)
Stlth  +++++++...               (no amulet)
                                n - +2 ring of protection
                                m - +2 ring of protection

@: quick
A: no armour, no weapons or thrown items, stealth, claws 1, fangs 3, see
invisible, carnivore 3, speed 1, shaggy fur 3, slow metabolism 1, sharp paws
a: Potion Petition, Call Merchant, Bribe Branch, Renounce Religion


You were in the Dungeon.
You worshipped Gozag.
Gozag was greatly pleased with you.
You were not hungry.

You visited 1 branch You collected 9236 gold pieces.
You spent 394 gold pieces at shops.

Inventory:

Hand Weapons
 C - a +0 hand axe
Jewellery
 m - a +2 ring of protection (left paw)
 n - a +2 ring of protection (right paw)
 p - a +2 amulet of reflection
 w - an uncursed ring of protection from fire
 x - an uncursed ring of fire
 y - an uncursed ring of protection from fire
 z - an uncursed ring of protection from magic
Wands
 l - a wand of lightning (6/15)
 t - a wand of digging (11/24)
Scrolls
 h - 4 scrolls of blinking
 j - 3 scrolls of remove curse
 k - 2 scrolls of amnesia
 q - 6 scrolls of identify
 r - 2 scrolls of recharging
 A - a scroll of fog
Potions
 a - 2 potions of might
 c - 5 potions of curing
 d - a potion of invisibility
 e - 3 potions of haste
 f - 4 potions of magic
 g - 4 potions of berserk rage
 i - 4 potions of heal wounds
 o - 2 potions of cure mutation
 u - a potion of cancellation {unknown}
 v - a potion of resistance {unknown}
Books
 s - a book of Minor Magic

   Spells                             Type                      Level
   a - Magic Dart                     Conjuration                  1
   b - Blink                          Translocation                2
   c - Call Imp                       Summoning                    2
   d - Repel Missiles                 Charms/Air                   2
   e - Slow                           Hexes                        2
   f - Conjure Flame                  Conjuration/Fire             3
   g - Mephitic Cloud                 Conjuration/Poison/Air       3
Comestibles
 b - 11 meat rations


   Skills:
 + Level 9.2 Fighting
 + Level 16.4 Dodging
 + Level 16.1 Stealth
 + Level 23.3 Unarmed Combat
 + Level 1.4 Evocations


You had 9 spell levels left.
You didn't know any spells.

Dungeon Overview and Level Annotations

Branches:
Dungeon (1/1)

Altars:
Cheibriados
Dithmenos
Elyvilon
Fedhas
Gozag
Hepliaklqana
Kikubaaqudgha
Makhleb
Nemelex Xobeh
Okawaru
Qazlal
Ru
Sif Muna
Trog
Uskayaw
Vehumet
Xom
Yredelemnul
Zin
The Shining One
Beogh
Jiyva
Lugonu

Shops:
D **[:

Annotations:
D Agnes


Innate Abilities, Weirdness & Mutations

You cannot wear armour.
You are incapable of wielding weapons or throwing items.
Your paws allow you to move quietly. (Stealth)
You have sharp claws.
You have razor-sharp teeth.
You have supernaturally acute eyesight. (SInv)
You are carnivorous and can eat meat at any time.
You cover ground quickly.
Your thick and shaggy fur keeps you warm. (AC +3, rC+)
You have a slow metabolism.
Your sharp claws are effective at attacking unaware monsters.


Message History

Agnes is severely wounded.
Agnes closely misses you.
You barely miss Agnes.
Agnes is severely wounded.
Agnes completely misses you.
You closely miss Agnes.
Agnes is severely wounded.
Agnes completely misses you.
You miss Agnes.
Agnes is severely wounded.
You scratch Agnes. Your bite misses Agnes.
Agnes is severely wounded.
Agnes hits you with a +0 lajatang of electrocution!
You miss Agnes.
Agnes is severely wounded.
Agnes hits you with a +0 lajatang of electrocution!!
* * * LOW HITPOINT WARNING * * *
You are electrocuted!
You die...
Your body crumbles into a pile of gold.

*,,,,,,,,,,,,,,,,,,,,,,
*,*********************
*,,,,,,,,,+,,,,,,,,,,,,
***********************
*,,,,,,,,,,,,,,,,,,,,,,
*,*********************
*,,,,,,,,,,,,+,,,,,,,,,
▓▓▓▓▓▓▓▓▓▓▓▓▓▓▓▓*******
▓.()..@i$.......,,,,,,,
▓.▓▓▓▓▓▓▓▓▓▓▓▓▓▓▓▓▓▓▓▓▓
▓.........'.......(....
▓▓▓▓▓▓▓▓▓▓▓▓▓▓▓▓▓▓▓▓▓▓▓
▓..........)........)..
▓.▓▓▓▓▓▓▓▓▓▓▓▓▓▓▓▓▓▓▓▓▓
▓.........'..)))∩)∩.∩.∩
▓▓▓▓▓▓▓▓▓▓▓▓▓▓▓▓▓▓▓▓▓▓▓
▓......................


You could see Agnes.

Vanquished Creatures
  A fire giant (D)
  A very ugly thing (D)
  A stone giant (D)
  Nessos (D)
  An ettin (D)
  An ice dragon (D)
  A hydra (D)
  Harold (D)
  Erica (D)
  2 tengu warriors (D)
  An ogre mage (D)
  2 unseen horrors (D)
  2 orc knights (D)
  2 manticores (D)
  3 orc sorcerers (D)
  Maurice (D)
  A spiny frog (D)
  2 komodo dragons (D)
  2 blink frogs (D)
  3 hippogriffs (D)
  2 wyverns (D)
  A wraith (D)
  A vampire mosquito (D)
  2 wargs (D)
  2 hell hounds (D)
  A water moccasin (D)
  4 porcupines (D)
  An ice beast (D)
  13 orc warriors (D)
  An ogre (D)
  4 wolves (D)
  2 crocodiles (D)
  5 bullfrogs (D)
  A crimson imp (D)
  A gnoll shaman (D)
  3 orc priests (D)
  13 orc wizards (D)
  A gnoll (D)
  2 adders (D)
  A worm (D)
  7 orcs (D)
  A bat skeleton (D)
  A bat zombie (D)
  2 hobgoblins (D)
  A bat (D)
  2 kobolds (D)
105 creatures vanquished.

Notes
Turn   | Place    | Note
-------+----------+-------------------------------------------
     0 | D        | equalderp2856 the Felid Fighter began the quest for the Orb.
     0 | D        | Reached XP level 1. HP: 10/10 MP: 2/2
   237 | D        | Noticed a gnoll shaman
   237 | D        | Noticed a crimson imp
   247 | D        | Killed a crimson imp
   247 | D        | Reached skill level 5 in Dodging
   247 | D        | Reached skill level 6 in Unarmed Combat
   247 | D        | Reached XP level 2. HP: 15/15 MP: 3/3
   247 | D        | Reached XP level 3. HP: 18/18 MP: 4/4
   257 | D        | Reached skill level 7 in Unarmed Combat
   264 | D        | Reached XP level 4. HP: 22/22 MP: 5/5
   272 | D        | Found a roughly hewn altar of Beogh.
   272 | D        | Found a snail-covered altar of Cheibriados.
   272 | D        | Found a shadowy altar of Dithmenos.
   272 | D        | Found a white marble altar of Elyvilon.
   272 | D        | Found a blossoming altar of Fedhas.
   272 | D        | Found an opulent altar of Gozag.
   273 | D        | Found a hazy altar of Hepliaklqana.
   274 | D        | Found a viscous altar of Jiyva.
   275 | D        | Found an ancient bone altar of Kikubaaqudgha.
   276 | D        | Found a corrupted altar of Lugonu.
   277 | D        | Found a burning altar of Makhleb.
   278 | D        | Found a sparkling altar of Nemelex Xobeh.
   279 | D        | Found an iron altar of Okawaru.
   280 | D        | Found a stormy altar of Qazlal.
   281 | D        | Found a sacrificial altar of Ru.
   282 | D        | Found a deep blue altar of Sif Muna.
   283 | D        | Found a bloodstained altar of Trog.
   284 | D        | Found a hide-covered altar of Uskayaw.
   285 | D        | Found a radiant altar of Vehumet.
   286 | D        | Found a shimmering altar of Xom.
   298 | D        | Became a worshipper of Gozag Ym Sagoz the Greedy
   306 | D        | Found a basalt altar of Yredelemnul.
   307 | D        | Found a glowing silver altar of Zin.
   308 | D        | Found a glowing golden altar of the Shining One.
   335 | D        | Noticed a bullfrog
   335 | D        | Noticed a wraith
   335 | D        | Noticed an orc warrior
   500 | D        | Killed an orc warrior
   500 | D        | Reached skill level 5 in Fighting
   500 | D        | Reached skill level 9 in Unarmed Combat
   500 | D        | Reached XP level 5. HP: 26/26 MP: 6/6
   525 | D        | Killed a wraith
   525 | D        | Reached skill level 1 in Stealth
   525 | D        | Reached skill level 11 in Unarmed Combat
   525 | D        | Gained mutation: You are covered in thick fur. (AC +2) [Felid growth]
   525 | D        | Reached XP level 6. HP: 18/31 MP: 7/7
   805 | D        | Noticed a vampire mosquito
   805 | D        | Noticed a hippogriff
   805 | D        | Noticed an ice beast
   805 | D        | Noticed a wyvern
   808 | D        | Reached skill level 12 in Unarmed Combat
   815 | D        | Killed a wyvern
   815 | D        | Reached XP level 7. HP: 31/35 MP: 8/8
   817 | D        | Reached skill level 13 in Unarmed Combat
   826 | D        | Reached skill level 10 in Dodging
   830 | D        | Killed a hippogriff
   830 | D        | Reached skill level 14 in Unarmed Combat
   836 | D        | Killed a vampire mosquito
   836 | D        | Reached XP level 8. HP: 15/40 MP: 9/9
  1180 | D        | Noticed a komodo dragon
  1180 | D        | Noticed a hippogriff
  1191 | D        | Killed a hippogriff
  1193 | D        | Reached skill level 5 in Stealth
  1195 | D        | Noticed a hippogriff
  1542 | D        | Killed a komodo dragon
  1542 | D        | Reached skill level 15 in Unarmed Combat
  2076 | D        | Killed a hippogriff
  2076 | D        | Reached XP level 9. HP: 29/44 MP: 10/10
  2138 | D        | Reached skill level 16 in Unarmed Combat
  2223 | D        | Noticed a komodo dragon
  2823 | D        | Noticed a spiny frog
  3051 | D        | Killed a komodo dragon
  3058 | D        | Reached skill level 17 in Unarmed Combat
  3073 | D        | Killed a spiny frog
  3073 | D        | Reached skill level 10 in Stealth
  3127 | D        | Reached XP level 10. HP: 45/49 MP: 11/11
  3310 | D        | Reached skill level 18 in Unarmed Combat
  3384 | D        | Noticed an orc knight
  3595 | D        | Killed an orc knight
  4060 | D        | Found Fyucecasch's Book Boutique.
  4060 | D        | Noticed an orc sorcerer
  4066 | D        | Noticed an orc sorcerer
  4066 | D        | Found Ziehugin's Armour Shop.
  4069 | D        | Reached skill level 19 in Unarmed Combat
  4071 | D        | Killed an orc sorcerer
  4075 | D        | Killed an orc sorcerer
  4199 | D        | Found Heusmoug's Assorted Antiques.
  4202 | D        | Found Sogarala's General Store.
  4204 | D        | Noticed an orc sorcerer
  4218 | D        | Killed an orc sorcerer
  4499 | D        | Bought a book of Minor Magic for 280 gold pieces
  4526 | D        | Noticed Maurice
  4537 | D        | Killed Maurice
  4537 | D        | Reached skill level 20 in Unarmed Combat
  4537 | D        | Reached XP level 11. HP: 47/52 MP: 12/12
  4562 | D        | Noticed Harold
  4569 | D        | Killed Harold
  4570 | D        | Noticed Erica
  4577 | D        | Killed Erica
  4656 | D        | Noticed an unseen horror
  4656 | D        | Noticed an ogre mage
  4656 | D        | Noticed an unseen horror
  4656 | D        | Noticed an orc knight
  4657 | D        | Noticed an eight-headed hydra
  4667 | D        | Killed an orc knight
  4668 | D        | Noticed an ettin
  4669 | D        | Killed an unseen horror
  4669 | D        | Reached skill level 21 in Unarmed Combat
  4794 | D        | Killed an ogre mage
  4798 | D        | Reached skill level 15 in Dodging
  4804 | D        | Killed an unseen horror
  4828 | D        | Killed an eight-headed hydra
  5119 | D        | Killed an ettin
  5119 | D        | Reached skill level 22 in Unarmed Combat
  5177 | D        | Noticed a tengu warrior
  5368 | D        | Killed a tengu warrior
  5497 | D        | Noticed an ice dragon
  5512 | D        | Killed an ice dragon
  5654 | D        | Noticed a red very ugly thing
  5655 | D        | Noticed a fire giant
  5656 | D        | Noticed a tengu warrior
  5657 | D        | Noticed a stone giant
  5816 | D        | Killed a red very ugly thing
  5816 | D        | Gained mutation: Your thick and shaggy fur keeps you warm. (AC +3, rC+) [Felid growth]
  5816 | D        | Reached XP level 12. HP: 5/57 MP: 13/13
  5816 | D        | HP: 2/57 [burnt (3)]
  5904 | D        | Killed from afar by a fire giant
  5905 | D        | Reached XP level 11. HP: -31/53 MP: 12/12
  6112 | D        | Bought a scroll labeled KETIUL UBEZIORGH for 19 gold pieces
  6112 | D        | Bought a hand axe for 57 gold pieces
  6112 | D        | Bought a scroll labeled DOEGUOR UCWUEME for 19 gold pieces
  6112 | D        | Bought a scroll labeled RALLEGHODEERI for 19 gold pieces
  6171 | D        | Killed a fire giant
  6171 | D        | Reached skill level 15 in Stealth
  6171 | D        | Reached skill level 1 in Evocations
  6455 | D        | Killed a tengu warrior
  6455 | D        | Reached skill level 23 in Unarmed Combat
  6599 | D        | Killed a stone giant
  6620 | D        | Noticed Nessos
  6627 | D        | Killed Nessos
  6632 | D        | Noticed Agnes
  6640 | D        | Slain by Agnes
  6641 | D        | Reached XP level 10. HP: -4/49 MP: 12/12
  6666 | D        | Slain by Agnes

Skill      XL: |  1  2  3  4  5  6  7  8  9 10 11 |
---------------+----------------------------------+-----
Fighting       | 4 5 6 7 8 9 |  9.2
Dodging        | 5 6 7 8 9 10 11 13 14 16 | 16.4
Unarmed Combat | 6 7 9 11 12 14 15 17 20 23 | 23.3
Stealth        | 1 2 4 7 10 12 16 | 16.1
Evocations     | 1 |  1.4

Action                   |  1- 3 |  4- 6 |  7- 9 | 10-12 || total
-------------------------+-------+-------+-------+-------++-------
Melee: Unarmed           |    50 |    37 |   138 |   264 ||   489
       Bite              |     2 |     1 |    13 |    35 ||    51
       Punch             |       |     2 |     7 |    28 ||    37
Evoke: Wand              |       |       |       |     1 ||     1
  Use: Potion            |     1 |       |       |     3 ||     4
       Scroll            |       |       |       |     3 ||     3
 Stab: Distracted        |       |     1 |     3 |     5 ||     9
       Sleeping          |       |       |     1 |     5 ||     6
  Eat: Meat ration       |       |       |     1 |     1 ||     2
Armor: Skin              |     2 |     3 |     8 |    10 ||    23
Dodge: Dodged            |    35 |    23 |   105 |   160 ||   323
